 Dungeon Crawl Stone Soup version 0.26.1-10-gdfb7c7de75 (webtiles) character file.

Game seed: 9726182704068837370

249769 wux the Eclecticist (level 18, -14/85 HPs)
             Began as a Deep Elf Fire Elementalist on Apr 8, 2021.
             Was an Initiate of Gozag.
             Killed from afar by a hellion (40 damage)
             ... with damnation
             ... on level 2 of the Abyss on Apr 9, 2021.
             The game lasted 04:59:52 (52346 turns).

wux the Eclecticist (Deep Elf Fire Elementalist)   Turns: 52346, Time: 04:59:54

Health: -14/85     AC: 10    Str: 12      XL:     18   Next: 89%
Magic:  43/43      EV: 17    Int: 30 (35) God:    Gozag
Gold:   6826       SH:  6    Dex: 15      Spells: 5/56 levels left

rFire    + + .     SeeInvis +   Z - +10 broad axe of Excruciating Pain {vorpal, *Drain +Blink +Fly rF++}
rCold    + . .     Faith    .   I - +0 buckler {rC+}
rNeg     . . .     Spirit   .   P - +2 robe {Archmagi}
rPois    .         Reflect  .   i - +0 helmet of Sibiwuam {Str+5}
rElec    .         Harm     .   J - +0 cloak
rCorr    .         Rampage  .   U - +2 pair of gloves
Will     +....                  v - +0 pair of boots
Stlth    ++++......             C - amulet of magic regeneration
HPRegen  0.24/turn              S - +6 ring of intelligence
MPRegen  0.53/turn              e - ring of see invisible

@: about to teleport
A: deterioration 1, strong 1
}: 2/15 runes: decaying, serpentine
a: Renounce Religion, Evoke Blink, Evoke Flight, Potion Petition, Call Merchant,
Bribe Branch


You were on level 2 of the Abyss.
You worshipped Gozag.
Gozag was greatly pleased with you.
You visited 7 branches of the dungeon, and saw 33 of its levels.
You visited the Abyss 1 time.
You also visited: Gauntlet and Desolation.

You collected 14769 gold pieces.
You spent 4973 gold pieces at shops.
You paid 2970 gold pieces to Gozag.

Inventory:

Hand Weapons
 c - the cursed +0 spear "Grim Tooth" {drain, rElec Int+2, unknown}
   (You found it on level 2 of the Abyss)

   A truly terrible weapon, it drains the life of those it strikes.
   It affects your intelligence (+2).
   It insulates you from electricity.
   It has a curse placed upon it.
 Z - the +10 broad axe of Excruciating Pain (weapon) {vorpal, *Drain +Blink +Fly rF++}
   (You took it off a minotaur in a Gauntlet)

   It inflicts extra damage upon your enemies.
   It greatly protects you from fire.
   It lets you fly.
   It lets you blink.
   It causes draining when unequipped.
Armour
 i - the +0 helmet of Sibiwuam (worn) {Str+5}
   (You bought it in a shop on level 2 of the Orcish Mines)

   It affects your strength (+5).
 v - a +0 pair of boots (worn)
 I - a +0 buckler of cold resistance (worn)
 J - a +0 cloak (worn)
 P - a +2 robe of the Archmagi (worn)
 U - a +2 pair of gloves (worn)
Jewellery
 e - a ring of see invisible (right hand)
 w - an uncursed ring of protection from fire
 A - the ring "Kasipn" {+Fly rC+ Int+2 Dex+2}
   (You found it in a Gauntlet)

   [ring of protection from cold]

   It affects your intelligence (+2).
   It affects your dexterity (+2).
   It protects you from cold.
   It lets you fly.
 C - an amulet of magic regeneration (around neck)
 K - a +6 ring of dexterity
 Q - the ring "Cikakeum" {MP+9 Dex+5}
   (You bought it in a shop on level 4 of the Snake Pit)

   [ring of magical power]

   It affects your dexterity (+5).
   It affects your magic capacity (+9).
 S - a +6 ring of intelligence (left hand)
 W - a +4 ring of protection
Wands
 k - a wand of enslavement (11)
 q - a wand of acid (3)
 s - a wand of digging (8)
 F - a wand of paralysis (1)
 G - a wand of flame (104)
 O - a wand of random effects (35)
 T - a wand of iceblast (15)
Scrolls
 g - 4 scrolls of magic mapping
 j - 3 scrolls of blinking
 o - 11 scrolls of remove curse
 t - 5 scrolls of immolation
 x - 4 scrolls of fear
 z - 6 scrolls of identify
 B - a scroll of teleportation
 N - 9 scrolls of fog
Potions
 a - 3 potions of invisibility
 b - 3 potions of curing
 d - 4 potions of brilliance
 f - 4 potions of might
 h - 7 potions of flight
 l - 8 potions of ambrosia
 n - a potion of magic
 p - 3 potions of heal wounds
 r - 7 potions of mutation
 D - 6 potions of haste
 E - a potion of resistance
 H - 10 potions of lignification
 V - 2 potions of cancellation
Miscellaneous
 y - a lightning rod (4/4)


   Skills:
 - Level 0.1 Fighting
 - Level 5.0(5.1) Short Blades
 - Level 0.5(2.9) Long Blades
 * Level 6.7 Axes
 - Level 6.2 Bows
 + Level 7.7 Dodging
 + Level 8.3 Stealth
 + Level 7.1 Shields
 + Level 19.5 Spellcasting
 + Level 15.1 Conjurations
 + Level 4.9 Summonings
 + Level 7.6 Translocations
 * Level 11.3 Transmutations
 * Level 16.1 Fire Magic
 + Level 7.3 Air Magic
 + Level 8.8 Earth Magic
 + Level 4.0 Poison Magic
 * Level 4.8 Evocations


You had 5 spell levels left.
You knew the following spells:

 Your Spells              Type           Power        Failure   Level
a - Statue Form           Tmut/Erth      62%          3%          6
b - Conjure Flame         Conj/Fire      100%         0%          3
c - Sticky Flame          Conj/Fire      100%         1%          4
d - Fireball              Conj/Fire      55%          1%          5
e - Swiftness             Air            83%          1%          2
f - Gell's Gravitas       Tloc           42%          1%          3
g - Petrify               Tmut/Erth      94%          1%          4
h - Mephitic Cloud        Conj/Pois/Air  89%          1%          3
i - Summon Lightning Spi  Summ/Air       78%          1%          4
j - Blink                 Tloc           N/A          1%          2
k - Starburst             Conj/Fire      55%          1%          6
l - Iron Shot             Conj/Erth      50%          1%          6
m - Ignite Poison         Fire/Tmut/Pois 95%          1%          3

Your spell library contained the following spells:

 Spells                   Type           Power        Failure   Level
 Foxfire                  Conj/Fire      100%         0%          1
 Magic Dart               Conj           100%         0%          1
 Shock                    Conj/Air       100%         0%          1
 Searing Ray              Conj           100%         0%          2
 Animate Skeleton         Necr           88%          1%          1
 Corona                   Hex            48%          1%          1
 Pain                     Necr           100%         1%          1
 Call Imp                 Summ           73%          1%          2
 Corpse Rot               Necr/Air       N/A          1%          2
 Ensorcelled Hibernation  Hex/Ice        88%          1%          2
 Poisonous Vapours        Pois/Air       100%         1%          2
 Slow                     Hex            44%          1%          2
 Wereblood                Tmut           98%          1%          2
 Dazzling Flash           Conj/Hex       100%         1%          3
 Inner Flame              Hex/Fire       86%          1%          3
 Portal Projectile        Hex/Tloc       100%         1%          3
 Static Discharge         Conj/Air       98%          1%          3
 Airstrike                Air            41%          1%          4
 Bolt of Magma            Conj/Fire/Erth 52%          1%          5
 Irradiate                Conj/Tmut      52%          1%          5
 Iskenderun's Battlesphe  Conj           100%         1%          5
 Lightning Bolt           Conj/Air       49%          1%          5
 Leda's Liquefaction      Hex/Erth       35%          2%          4
 Summon Forest            Summ/Tloc      39%          2%          5
 Yara's Violent Unravell  Hex/Tmut       38%          3%          5
 Confusing Touch          Hex            44%          4%          3
 Tukima's Dance           Hex            44%          4%          3
 Vampiric Draining        Necr           22%          4%          3
 Summon Demon             Summ           36%          4%          5
 Silence                  Hex/Air        33%          9%          5
 Animate Dead             Necr           22%          13%         4
 Cause Fear               Hex            22%          13%         4
 Summon Mana Viper        Hex/Summ       60%          13%         5
 Agony                    Necr           44%          36%         5
 Metabolic Englaciation   Hex/Ice        22%          36%         5
 Conjure Ball Lightning   Conj/Air       49%          1%          6
 Hydra Form               Tmut           49%          1%          6
 Orb of Destruction       Conj           55%          2%          7
 Dragon Form              Tmut           49%          11%         7
 Ignition                 Fire           56%          12%         8
 Spellforged Servitor     Conj/Summ      47%          19%         7
 Shadow Creatures         Summ           N/A          26%         6
 Summon Hydra             Summ           36%          83%         7
 Tornado                  Air            41%          100%        9


Dungeon Overview and Level Annotations

Branches:
Dungeon (15/15)            Temple (1/1) D:4            Lair (6/6) D:11
  Swamp (4/4) Lair:4        Snake (4/4) Lair:2        Slime (0/5) Lair:6
    Orc (2/2) D:10            Elf (1/3) Orc:2        Vaults (0/5) D:14
Desolation (visited)      Gauntlet (visited)
 Depths: D:15

Altars:
Ashenzari
Cheibriados
Dithmenos
Elyvilon
Fedhas
Gozag
Hepliaklqana
Kikubaaqudgha
Makhleb
Nemelex Xobeh
Okawaru
Qazlal
Ru
Sif Muna
Trog
Uskayaw
Vehumet
Wu Jian
Xom
Yredelemnul
Zin
The Shining One
Jiyva

Shops:
Orc:1 ?   Orc:2 !=:*   Lair:1 [(=[   Snake:4 ==

Annotations:
D:13 1 runed translucent door, OhItsWolfy's ghost, journeyman HOFi
Lair:6 3 runed translucent doors, phiIosophr's ghost, journeyman DrCj
Swamp:3 1 runed translucent door, jlumianski's ghost, adept GnWr
Snake:3 2 transporters
Elf:1 3 runed translucent doors, Yxta's ghost, adept DDFi


Innate Abilities, Weirdness & Mutations

Your body sometimes deteriorates upon taking damage.
Your muscles are strong. (Str +2)


Message History

You start resting.
A hellion comes into view.
The hellion moves out of view.
You start resting.
A hellion is nearby!
A starcursed mass comes into view.
The hellion gives a hideous shriek!
A starcursed mass splits.
Found a corrupted altar of Lugonu.
The hellion gestures at you.
The sphere of damnation explodes!
The damnation engulfs you!
* * * LOW HITPOINT WARNING * * *
You hear a shout!
As you read the scroll of teleportation, it crumbles to dust.
You feel strangely unstable.
You feel the power of the Abyss delaying your translocation!
The hellion gestures at you.
The sphere of damnation explodes!
The damnation engulfs you!!!
You die...
Your body crumbles into a pile of gold.

..#.#
##...
#.#..#
#$ ..#
...##.#
...
#..##.
..#.#
_.X#.
.#2##
X..##.#
. . #
#.#.# S
##.## #
#@##
#.## ##


You could see a hellion.

Vanquished Creatures
  Vashnia (Snake:3)
  2 thorn hunters
  Gastronok (D:12)
  Kirke (Lair:4)
  8 nagarajas
  A deep elf demonologist (Elf:1)
  A minotaur (Gauntlet)
  3 bunyips
  An ettin (Orc:1)
  An eleionoma (Swamp:1)
  A shambling mangrove (Swamp:4)
  A death ooze (Gauntlet)
  A ragged hierophant (Desolation)
  A deep elf high priest (Elf:1)
  2 ogre magi (Orc:2)
  15 naga warriors
  22 hydras
  A boulder beetle (D:12)
  5 vault guards (D:14)
  2 catoblepae
  3 ghost crabs
  2 centaur warriors (D:14)
  13 anacondas
  8 two-headed ogres
  16 alligators
  A deep troll shaman (Lair:6)
  10 death yaks
  A thrashing horror (Abyss:2)
  A vampire mage (Abyss:2)
  2 large abominations (Abyss:2)
  16 naga sharpshooters
  2 orc high priests (Orc:2)
  Urug (Lair:2)
  2 salamander mystics (Snake:4)
  A deep elf knight (Elf:1)
  10 shock serpents
  Nergalle (Lair:3)
  2 goliath frogs
  2 skeletal warriors (D:13)
  A death drake (Gauntlet)
  2 starcursed masses (Abyss:2)
  5 spriggan druids
  A deep troll (Orc:2)
  10 swamp dragons
  10 naga ritualists
  An unseen horror (D:11)
  3 bog bodies
  2 deep elf archers (Elf:1)
  3 lindwurms (Swamp:4)
  2 orc knights
  A necromancer (Lair:2)
  13 deep elf magi
  8 mana vipers
  2 orc sorcerers
  3 cyclopes
  9 ugly things
  2 oklob plants
  9 salamanders
  4 will-o-the-wisps
  14 elephants
  4 centaur zombies
  13 naga magi
  2 spectral centaurs (Gauntlet)
  2 torpor snails
  44 black mambas
  8 guardian serpents
  2 smoke demons (Abyss:2)
  A gargoyle (Gauntlet)
  Joseph (D:7)
  8 cane toads
  2 rime drakes
  A kobold demonologist (D:11)
  2 efreet
  8 komodo dragons
  An ice devil (Abyss:2)
  A tengu conjurer (D:15)
  A harpy zombie (Abyss:2)
  2 ancient zymes (Abyss:2)
  14 trolls
  8 tyrant leeches
  2 bloated husks
  5 saltlings
  A queen bee (D:12)
  A polar bear (Lair:6)
  8 hornets
  3 meliai (D:12)
  Prince Ribbit (D:7)
  3 blink frogs (Lair:3)
  3 raiju (Abyss:2)
  12 slime creatures
  A flying skull (Abyss:2)
  An air elemental (Elf:1)
  2 shadows
  8 spriggans
  42 yaks
  2 wyverns
  7 hogs (Lair:4)
  2 humans (D:8)
  3 golden eyes (Abyss:2)
  A wraith (D:10)
  2 basilisks
  A neqoxec (Abyss:2)
  A steam dragon (Lair:5)
  A fire elemental (Elf:1)
  10 vampire mosquitoes
  41 nagas
  13 swamp worms
  2 soldier ants
  12 water moccasins
  2 acid dragons (D:14)
  A small abomination (Abyss:2)
  17 orc warriors
  7 ice beasts
  5 black bears
  An eye of draining (Abyss:2)
  An ogre (shapeshifter) (Abyss:2)
  6 sky beasts
  9 swamp drakes
  A necrophage (D:10)
  19 wolves
  10 ogres
  7 centaurs
  3 big kobolds
  Blork the orc (D:5)
  14 bullfrogs
  An earth elemental (Elf:1)
  2 gnoll sergeants
  A wyvern skeleton (D:8)
  27 killer bees
  7 scorpions
  15 wights
  6 howler monkeys
  3 electric eels
  A vampire bat (D:4)
  3 bullfrog zombies
  A quasit (D:10)
  Crazy Yiuf (D:7)
  4 jellies
  7 hounds
  3 gnoll shamans (D:5)
  3 iguanas
  4 bullfrog skeletons
  16 orc priests
  5 centaur skeletons
  27 orc wizards
  8 worker ants
  5 yak simulacra (Lair:2)
  7 hell rats (Lair:5)
  4 polar bear simulacra (Lair:2)
  2 hound zombies
  A howler monkey skeleton (D:6)
  2 worker ant zombies (D:11)
  41 gnolls
  25 adders
  2 shadow imps
  4 white imps
  4 ufetubi
  2 oozes (D:1)
  2 worms
  An adder skeleton (D:9)
  4 leopard geckos
  99 orcs
  7 bats
  3 bat skeletons (D:4)
  A bat zombie (D:4)
  10 giant cockroaches
  6 goblins
  6 hobgoblins
  24 jackals
  6 quokkas
  6 frilled lizards
  A giant cockroach zombie (D:6)
  18 kobolds
  A leopard gecko skeleton (D:8)
  10 rats
  2 river rat simulacra (Lair:2)
1141 creatures vanquished.

Vanquished Creatures (collateral kills)
  A nagaraja (Snake:2)
  An orc warlord (Orc:1)
  A deep elf sorcerer (Elf:1)
  A vault guard (D:14)
  An anaconda (Snake:2)
  2 catoblepae
  5 two-headed ogres (Orc:2)
  2 naga sharpshooters (Snake:1)
  3 death yaks (Lair:6)
  2 skeletal warriors (D:13)
  A deep troll (Orc:2)
  A naga ritualist (Snake:1)
  A lindwurm (Lair:6)
  A swamp dragon (Swamp:4)
  An orc knight (Orc:2)
  2 mana vipers (Snake:1)
  An ugly thing (D:12)
  An orc sorcerer (Orc:2)
  A manticore (D:12)
  A cyclops (Orc:2)
  5 black mambas
  An elephant (Lair:5)
  3 naga magi
  A kobold demonologist (D:12)
  A troll (Orc:2)
  2 saltlings (Desolation)
  A yak (Lair:5)
  3 wargs
  5 nagas
  7 orc warriors
  18 ogres
  2 orc priests
  18 orcs
97 creatures vanquished.

Vanquished Creatures (others)
  3 dancing weapons (Elf:1)
  A small abomination (Abyss:2)
  2 bushes
  706 foxfires
  58 fungi
  2 lurking horrors (Abyss:2)
  113 plants
  4 starspawn tentacles (Abyss:2)
  4 withered plants
893 creatures vanquished.

Grand Total: 2131 creatures vanquished

Notes
Turn   | Place    | Note
-------+----------+-------------------------------------------
     0 | D:1      | wux the Deep Elf Fire Elementalist began the quest for the
                  | Orb.
     0 | D:1      | Reached XP level 1. HP: 10/10 MP: 6/6
     1 | D:1      | Found a runed translucent door.
   270 | D:1      | Reached XP level 2. HP: 15/15 MP: 6/8
   967 | D:1      | Reached XP level 3. HP: 16/19 MP: 5/9
  1727 | D:2      | Found a faded altar of an unknown god.
  1950 | D:3      | Reached XP level 4. HP: 24/24 MP: 9/11
  2067 | D:3      | Reached skill level 4 in Spellcasting
  2154 | D:3      | Found a blossoming altar of Fedhas.
  2155 | D:3      | Noticed a sky beast
  2164 | D:3      | Killed a sky beast
  2165 | D:3      | Reached skill level 5 in Fire Magic
  2165 | D:3      | Reached XP level 5. HP: 19/28 MP: 9/14
  2169 | D:3      | Learned a level 3 spell: Conjure Flame
  2174 | D:3      | Learned a level 4 spell: Sticky Flame
  2855 | D:4      | Reached skill level 5 in Spellcasting
  2855 | D:4      | Reached XP level 6. HP: 28/32 MP: 11/15
  3379 | D:4      | Found a staircase to the Ecumenical Temple.
  3381 | D:4      | Got a crude falchion
  3382 | D:4      | Identified the cursed +1 falchion "Kuclueg" {holy, rF-
                  | Dex+6 SInv} (You found it on level 4 of the Dungeon)
  3391 | Temple   | Entered the Ecumenical Temple
  3501 | Temple   | Became a worshipper of Gozag Ym Sagoz the Greedy
  3877 | D:4      | Reached XP level 7. HP: 36/36 MP: 14/17
  4517 | D:4      | Reached skill level 5 in Stealth
  4525 | D:4      | Found an ancient bone altar of Kikubaaqudgha.
  4591 | D:5      | Entered Level 5 of the Dungeon
  4602 | D:5      | Noticed Blork the orc
  4610 | D:5      | Killed Blork the orc
  4611 | D:5      | Reached skill level 6 in Spellcasting
  5478 | D:5      | Reached XP level 8. HP: 41/41 MP: 9/20
  5553 | D:5      | Reached skill level 7 in Spellcasting
  5960 | D:5      | Learned a level 5 spell: Fireball
  6767 | D:5      | Reached skill level 8 in Spellcasting
  7272 | D:6      | Reached skill level 5 in Conjurations
  7476 | D:6      | Noticed a +0 hand axe
  7476 | D:6      | Noticed a +0 hand axe
  7477 | D:6      | Found a hide-covered altar of Uskayaw.
  7562 | D:6      | Reached skill level 1 in Short Blades
  7893 | D:6      | Reached XP level 9. HP: 45/45 MP: 15/23
  8106 | D:6      | Reached skill level 9 in Spellcasting
  8377 | D:6      | Found a snail-covered altar of Cheibriados.
  8540 | D:7      | Noticed Prince Ribbit
  8542 | D:7      | Noticed a green ugly thing
  8553 | D:7      | Killed Prince Ribbit
  8559 | D:7      | Killed a green ugly thing
  8835 | D:7      | Paralysed by an orc wizard for 3 turns
  9193 | D:7      | Noticed Joseph
  9576 | D:7      | Learned a level 2 spell: Swiftness
  9818 | D:7      | Reached skill level 10 in Spellcasting
  9918 | D:7      | Reached skill level 1 in Air Magic
  9990 | D:7      | Found a burning altar of Makhleb.
 10011 | D:7      | Killed Joseph
 10307 | D:7      | Found a runed translucent door.
 10308 | D:7      | Noticed Crazy Yiuf
 10315 | D:7      | Killed Crazy Yiuf
 10472 | D:8      | Found a sparkling altar of Nemelex Xobeh.
 10551 | D:8      | Reached XP level 10. HP: 23/49 MP: 1/26
 11299 | D:8      | Noticed a two-headed ogre
 11680 | D:8      | Found an iron altar of Okawaru.
 11951 | D:8      | Reached skill level 11 in Spellcasting
 12618 | D:8      | Killed a two-headed ogre
 12619 | D:8      | Reached skill level 5 in Dodging
 12970 | D:9      | Got a crystal quarterstaff
 13595 | D:9      | Found an ornate altar of the Wu Jian Council.
 14051 | D:10     | Entered Level 10 of the Dungeon
 14051 | D:10     | Noticed a two-headed ogre
 14055 | D:10     | Killed a two-headed ogre
 14179 | D:10     | Reached XP level 11. HP: 54/54 MP: 8/28
 14743 | D:10     | Found a staircase to the Orcish Mines.
 15082 | D:10     | Reached skill level 10 in Fire Magic
 15239 | D:10     | Reached skill level 12 in Spellcasting
 15737 | Orc:1    | Entered Level 1 of the Orcish Mines
 15737 | Orc:1    | Noticed an orc knight
 15745 | Orc:1    | Killed an orc knight
 15916 | D:11     | Reached skill level 5 in Air Magic
 15932 | D:11     | Noticed an unseen horror
 15934 | D:11     | Killed an unseen horror
 15935 | D:11     | Reached skill level 1 in Shields
 16925 | D:11     | Found a staircase to the Lair.
 17195 | D:11     | Learned a level 3 spell: Gell's Gravitas
 17200 | D:11     | Learned a level 4 spell: Petrify
 17201 | Lair:1   | Entered Level 1 of the Lair of Beasts
 17296 | Lair:1   | Reached skill level 1 in Transmutations
 17381 | Lair:1   | Reached skill level 1 in Evocations
 17388 | Lair:1   | Reached skill level 1 in Translocations
 17388 | Lair:1   | Reached skill level 1 in Earth Magic
 17705 | Lair:1   | Noticed a four-headed hydra
 17717 | Lair:1   | Killed a four-headed hydra
 17770 | Lair:1   | Reached XP level 12. HP: 21/59 MP: 3/30
 19135 | Lair:2   | Found a staircase to the Snake Pit.
 19149 | Lair:2   | Reached skill level 13 in Spellcasting
 19276 | Lair:2   | Noticed Urug
 19612 | Lair:2   | Killed Urug
 19726 | Lair:2   | Noticed a seven-headed hydra
 19739 | Lair:2   | Killed a seven-headed hydra
 19868 | Lair:2   | Noticed a five-headed hydra
 19874 | Lair:2   | Killed a five-headed hydra
 19875 | Lair:2   | Reached skill level 10 in Conjurations
 19991 | Lair:2   | Learned a level 3 spell: Mephitic Cloud
 20178 | Lair:2   | Identified the cursed +3 quarterstaff "Aconiz" {vorpal,
                  | rElec} (You found it on level 9 of the Dungeon)
 20722 | Lair:3   | Noticed Nergalle
 20726 | Lair:3   | Killed Nergalle
 20821 | Lair:3   | Found a shimmering altar of Xom.
 20893 | Lair:3   | Noticed a catoblepas
 20903 | Lair:3   | Killed a catoblepas
 21187 | Lair:3   | Reached skill level 5 in Transmutations
 21188 | Lair:3   | Reached skill level 5 in Translocations
 21188 | Lair:3   | Reached XP level 13. HP: 63/63 MP: 18/32
 21647 | Lair:3   | Reached skill level 5 in Earth Magic
 21720 | Lair:3   | Reached skill level 14 in Spellcasting
 22499 | Lair:4   | Noticed Kirke
 22512 | Lair:4   | Killed Kirke
 22621 | Lair:4   | Learned a level 4 spell: Summon Lightning Spire
 22770 | Lair:4   | Found a broken altar of Ashenzari.
 23896 | Lair:4   | Found a staircase to the Swamp.
 24816 | Lair:5   | You fall into a shaft and drop 1 floor!
 24816 | Lair:6   | Entered Level 6 of the Lair of Beasts
 25555 | Lair:5   | Reached XP level 14. HP: 55/68 MP: 21/34
 26399 | Lair:6   | Found a runed translucent gate.
 26399 | Lair:6   | Found a runed translucent gate.
 26399 | Lair:6   | Found a runed translucent gate.
 26399 | Lair:6   | Noticed phiIosophr's ghost (journeyman DrCj)
 26443 | Lair:6   | Found a staircase to the Slime Pits.
 26444 | Lair:6   | Found a viscous altar of Jiyva.
 27041 | Lair:6   | Reached skill level 15 in Spellcasting
 27042 | Lair:6   | Reached skill level 1 in Summonings
 28203 | Orc:1    | Noticed an orc warlord
 28214 | Orc:2    | Entered Level 2 of the Orcish Mines
 28215 | Orc:2    | Found Plog's Book Emporium.
 28216 | Orc:2    | Found Nockyckoe's Distillery.
 28263 | Orc:2    | Found a staircase to the Elven Halls.
 28430 | Orc:2    | Reached skill level 1 in Poison Magic
 28809 | Orc:2    | Reached skill level 5 in Short Blades
 29011 | Orc:2    | Found Dom Kyz's Assorted Antiques.
 29041 | Orc:1    | Found Noz Hait's Magic Scroll Boutique.
 29690 | Orc:2    | Found Giagut's Jewellery Shop.
 29701 | Orc:2    | Bought 2 potions of heal wounds for 140 gold pieces
 29701 | Orc:2    | Bought a potion of curing for 42 gold pieces
 29701 | Orc:2    | Bought a potion of attraction for 42 gold pieces
 29701 | Orc:2    | Bought a potion of haste for 140 gold pieces
 29701 | Orc:2    | Bought a potion of curing for 42 gold pieces
 29701 | Orc:2    | Bought a potion of invisibility for 112 gold pieces
 29701 | Orc:2    | Bought a potion of haste for 140 gold pieces
 29701 | Orc:2    | Bought a potion of mutation for 112 gold pieces
 29720 | Orc:2    | Bought a bloodstained helmet for 323 gold pieces
 29725 | Orc:2    | Identified the +0 helmet of Sibiwuam {Str+5} (You bought it
                  | in a shop on level 2 of the Orcish Mines)
 30141 | Orc:1    | Killed an orc warlord
 30290 | Orc:1    | Learned a level 2 spell: Blink
 30362 | Orc:2    | Bought a book of Power for 630 gold pieces
 30362 | Orc:2    | Bought a book of Fire for 910 gold pieces
 30369 | Orc:2    | Learned a level 6 spell: Starburst
 30376 | Orc:2    | Learned a level 6 spell: Iron Shot
 30513 | Lair:1   | Bought a shimmering kite shield for 313 gold pieces
 30518 | Lair:1   | Identified the cursed -2 kite shield of Yvefechode {rElec
                  | Will+ Stlth+} (You bought it in a shop on level 1 of the
                  | Lair of Beasts)
 30529 | Lair:1   | Bought the +7 shortbow "Grim Tooth" {venom, MP+9 Str+4} for
                  | 1093 gold pieces
 30529 | Lair:1   | Bought 14 arrows for 42 gold pieces
 30603 | D:12     | Reached XP level 15. HP: 72/72 MP: 35/36
 30667 | D:12     | Noticed Gastronok
 30711 | D:12     | Reached skill level 1 in Bows
 30711 | D:12     | Reached skill level 16 in Spellcasting
 30716 | D:12     | Found the +8 autumn katana {vorpal, Clar}
 30918 | D:12     | Found a gate leading to a gauntlet.
 30933 | Gauntlet | Entered a Gauntlet
 30933 | Gauntlet | Found a transporter.
 30933 | Gauntlet | Found a transporter.
 30951 | Gauntlet | Found a transporter.
 30954 | Gauntlet | Found a transporter.
 30973 | Gauntlet | Found a transporter.
 30975 | Gauntlet | Found a transporter.
 30990 | Gauntlet | Found a transporter.
 31009 | Gauntlet | Found a transporter.
 31023 | Gauntlet | Found a transporter.
 31026 | Gauntlet | Found a transporter.
 31037 | Gauntlet | Found a transporter.
 31040 | Gauntlet | Found a transporter.
 31087 | Gauntlet | Got a coiled steel ring
 31091 | Gauntlet | Identified the ring "Kasipn" {+Fly rC+ Int+2 Dex+2} (You
                  | found it in a Gauntlet)
 31378 | Gauntlet | Identified the +10 broad axe of Excruciating Pain {vorpal,
                  | *Drain +Blink +Fly rF++}
 32024 | D:12     | Killed Gastronok
 32703 | D:13     | Found a runed translucent door.
 32703 | D:13     | Noticed OhItsWolfy's ghost (journeyman HOFi)
 33685 | D:14     | Found a shimmering altar of Xom.
 33696 | D:14     | Reached skill level 5 in Bows
 34975 | D:14     | Found a gate to the Vaults.
 35231 | D:15     | Entered Level 15 of the Dungeon
 35266 | D:15     | Reached skill level 17 in Spellcasting
 35655 | Lair:1   | Bought a runed buckler for 217 gold pieces
 35680 | Lair:1   | Learned a level 6 spell: Statue Form
 35738 | Snake:1  | Entered Level 1 of the Snake Pit
 35781 | Snake:1  | Reached skill level 1 in Axes
 35795 | Snake:1  | Reached XP level 16. HP: 49/76 MP: 4/39
 38437 | Snake:3  | Reached skill level 5 in Shields
 39581 | Snake:3  | Found a transporter.
 39582 | Snake:3  | Found a transporter.
 39901 | Snake:3  | Identified the cursed +1 battleaxe "Ahuo" {speed, Will+}
 40348 | Snake:3  | Reached skill level 18 in Spellcasting
 40683 | Snake:3  | Noticed Vashnia
 40702 | Snake:3  | Killed Vashnia
 41104 | Snake:3  | Learned a level 3 spell: Ignite Poison
 41105 | Snake:4  | Entered Level 4 of the Snake Pit
 41353 | Snake:4  | Reached XP level 17. HP: 80/80 MP: 28/41
 41702 | Snake:4  | Identified The Foundations of Spellweaving
 41776 | Snake:4  | Found Farula's Jewellery Shop.
 41783 | Snake:4  | Found Keokeok's Jewellery Shop.
 41788 | Snake:4  | Bought the ring "Cikakeum" {MP+9 Dex+5} for 675 gold pieces
 43469 | Snake:4  | Reached skill level 5 in Axes
 43469 | Snake:4  | Reached skill level 10 in Transmutations
 44175 | Snake:4  | Got a serpentine rune of Zot
 44405 | Swamp:1  | Entered Level 1 of the Swamp
 45230 | Swamp:2  | Reached skill level 19 in Spellcasting
 45470 | Swamp:2  | Reached skill level 15 in Fire Magic
 45514 | Swamp:2  | Found a bloodstained altar of Trog.
 45721 | Swamp:2  | Reached XP level 18. HP: 85/85 MP: 13/43
 46426 | Swamp:3  | Gained mutation: Your body sometimes deteriorates upon
                  | taking damage. [mutagenic glow]
 46454 | Swamp:3  | Gained mutation: Your muscles are strong. (Str +2)
                  | [mutagenic glow]
 46626 | Swamp:3  | Found a runed translucent door.
 46629 | Swamp:3  | Noticed jlumianski's ghost (adept GnWr)
 47084 | Swamp:4  | Entered Level 4 of the Swamp
 47166 | Swamp:4  | Got a pair of buzzing gloves
 47177 | Swamp:4  | Identified the +0 pair of gloves of the Skies Above {rF++
                  | Int+5 Dex-2} (You found it on level 4 of the Swamp)
 49808 | Swamp:4  | Got a decaying rune of Zot
 49879 | Swamp:4  | Reached skill level 15 in Conjurations
 50288 | Elf:1    | Entered Level 1 of the Elven Halls
 50381 | Elf:1    | Found a ruined gateway.
 50487 | Desolati | Entered the Desolation of Salt
 50760 | Elf:1    | Found a runed translucent gate.
 50760 | Elf:1    | Found a runed translucent gate.
 50760 | Elf:1    | Found a runed translucent gate.
 50760 | Elf:1    | Noticed Yxta's ghost (adept DDFi)
 51039 | Elf:1    | Noticed a Brimstone Fiend
 51337 | Elf:1    | Cast into level 2 of the Abyss (a deep elf sorcerer)
 51495 | Abyss:2  | Got an ichor-stained spear
 52344 | Abyss:2  | Found a corrupted altar of Lugonu.
 52346 | Abyss:2  | Killed from afar by a hellion

Illustrated notes

Levels and vault maps discovered:
D:1:      dpeg_arrival_caged_fury, layout_loops_cross, amcnicky_mini_pool_small
D:2:      layout_basic, chequers_ecumenical_altar_grove, minmay_circle_x
D:3:      layout_loops_ring, fedhas_ov_isle_minmay
D:4:      layout_loops_corners, kennysheep_vampire_church,
          minmay_temple_entry_junction, patterned_corridor
D:5:      lemuel_castle_with_subvaults [lemuel_castle_interior_carwin_3],
          layout_layer_cave, uniq_blork_the_orc
D:6:      layout_loops_cross, dancing_weapons_uskayaw,
          nicolae_overflow_hidden_temple
D:7:      layout_loops_ring, kennysheep_mini, kennysheep_big_empty_room,
          serial_bayou_pond_b, uniq_joseph, uniq_crazy_yiuf_cottage,
          uniq_prince_ribbit1
D:8:      layout_basic, basic_altar, chequers_serial_rivers_large_b,
          okawaru_humans
D:9:      layout_basic, basic_altar
D:10:     layout_gridville, hiddenorc2_lemuel
D:11:     layout_rooms, lair_entry_dummy, fountainhead
D:12:     layout_roguey, gauntlet_entry_generic, special_room
          [special_room_bee], kennysheep_generic_room_7, uniq_gastronok
D:13:     layout_stronghold, gammafunk_ghost_grave
D:14:     layout_gridville, erik_vaults_2, basic_altar,
          hangedman_decor_riveting, minmay_misc_feat_secret_circle
D:15:     grunt_enter_depths_magical_seal, layout_loops_corners, st_stairs_3,
          nrook_mini_backslash, small_chamber_with_monster, elves_outpost_lemuel
Temple:   bh_familiar_temple
Lair:1:   minmay_lair_venomous_thicket, layout_layer_cave, minivault_11,
          grunt_megastairs_3
Lair:2:   layout_chaotic_city, dummy_snake_entry, eino_house_with_fridge,
          uniq_urug
Lair:3:   layout_cave_pods, chequers_serial_rivers_large_a, lemuel_oklob_altar,
          uniq_nergalle
Lair:4:   layout_regular_city, minmay_swamp_entry_wisps, basic_altar, uniq_kirke
Lair:5:   layout_regular_city, serial_bayou_shore_a
Lair:6:   grunt_lair_end_beastmaster, layout_small_grid, slime_altar_1,
          ebering_ghost_rock_garden, wad_woods_03
Swamp:1:  layout_falls_marsh, evilmike_swamp_ruin_house_5, swamp_pool1
Swamp:2:  layout_basic_swamp, basic_altar, infiniplex_staircase_pool
Swamp:3:  layout_basic_swamp, gammafunk_ghost_grave, evilmike_swamp_ruin_house_2
Swamp:4:  swamp_alternative, layout_basic_swamp
Snake:1:  layout_layer_cave
Snake:2:  layout_onion, grunt_ministairs_7, serial_bayou_shore_b,
          serial_bayou_shore_b
Snake:3:  gammafunk_the_bubble [the_bubble_gammafunk_split], layout_chambers,
          uniq_vashnia
Snake:4:  johnstein_snake_rune_scales, layout_gridlike, st_stairs_13,
          lemuel_fruit_tree, grunt_megastairs_2, minmay_shop_star
Orc:1:    layout_caves, serial_shops, shop_coins
Orc:2:    st_orc_open, layout_diamond_mine
Elf:1:    minmay_elf_arrival_circle, layout_geoelf_grid,
          portal_desolation_entry_ruin, ebering_ghost_rock_garden, orc_legates,
          minivault_15, due_unseen_surprise
Abyss:2:  base: Lair:2, evilmike_abyss_exit_6, hangedman_abyss_theft,
          hangedman_abyss_shoalhut, hangedman_abyss_shoalhut,
          hangedman_abyss_sting, hangedman_abyss_feature_spike,
          hangedman_abyss_feature_spike, lemuel_flamethrower_2,
          hangedman_illusive_loot

Skill      XL: |  1  2  3  4  5  6  7  8  9 10 11 12 13 14 15 16 17 18 |
---------------+-------------------------------------------------------+-----
Fire Magic     | 4 5 6 7 9 11 12 13 14 15 16 | 16.1
Spellcasting   | 4 5 6 8 10 11 12 13 14 15 17 18 19 | 19.5
Conjurations   | 2 3 4 5 7 8 9 10 11 12 13 14 15 | 15.1
Stealth        | 3 4 5 6 7 8 |  8.3
Dodging        | 3 4 5 6 7 |  7.7
Short Blades   | 1 2 4 5 |  5.0
Air Magic      | 1 4 5 6 7 |  7.3
Shields        | 1 4 6 7 |  7.1
Transmutations | 2 5 6 7 9 10 11 | 11.3
Evocations     | 1 2 4 |  4.8
Translocations | 1 5 7 |  7.6
Earth Magic    | 2 4 6 7 8 |  8.8
Summonings     | 4 |  4.9
Poison Magic   | 4 |  4.0
Bows           | 6 |  6.2
Axes           | 1 4 5 6 |  6.7
Fighting       | |  0.1
Long Blades    | |  0.5

Action                   |  1- 3 |  4- 6 |  7- 9 | 10-12 | 13-15 | 16-18 || total
-------------------------+-------+-------+-------+-------+-------+-------++-------
Melee: Dagger            |     1 |    27 |     3 |       |       |       ||    31
       Falchion          |       |     5 |     3 |       |     5 |       ||    13
       Short sword       |       |       |    39 |   175 |    89 |       ||   303
       Broad axe         |       |       |       |       |     3 |    57 ||    60
 Fire: Shortbow          |       |       |       |       |    17 |       ||    17
 Cast: Foxfire           |    71 |    53 |   234 |    67 |     6 |       ||   431
       Sticky Flame      |       |     1 |    17 |    41 |    53 |    19 ||   131
       Fireball          |       |       |    23 |   172 |   292 |   414 ||   901
       Conjure Flame     |       |       |     2 |    22 |    17 |       ||    41
       Mephitic Cloud    |       |       |       |     4 |     5 |       ||     9
       Petrify           |       |       |       |     3 |       |       ||     3
       Gell's Gravitas   |       |       |       |     1 |       |       ||     1
       Summon Lightning  |       |       |       |       |    61 |    22 ||    83
       Swiftness         |       |       |       |       |     1 |       ||     1
       Starburst         |       |       |       |       |    36 |    33 ||    69
       Iron Shot         |       |       |       |       |    16 |   125 ||   141
       Blink             |       |       |       |       |     3 |       ||     3
       Statue Form       |       |       |       |       |     1 |    13 ||    14
Invok: Call Merchant     |       |       |       |       |     4 |       ||     4
 Abil: Evoke Blink       |       |       |       |       |       |     1 ||     1
Evoke: Wand              |       |       |     2 |    16 |     9 |     7 ||    34
       Lightning rod     |       |       |       |       |     4 |       ||     4
  Use: Scroll            |       |       |     8 |    13 |    17 |     5 ||    43
       Potion            |       |       |       |     1 |     4 |     8 ||    13
 Stab: Sleeping          |       |     5 |     6 |     2 |       |       ||    13
       Distracted        |       |       |       |     1 |     5 |       ||     6
Armor: Robe              |     4 |     4 |    15 |    35 |    48 |    58 ||   164
       Skin              |       |       |       |       |    29 |    64 ||    93
Dodge: Dodged            |    32 |    15 |    64 |   121 |   178 |   211 ||   621
Block: Other             |       |       |       |    36 |       |       ||    36
       Reflection        |       |       |       |     5 |       |       ||     5
       Buckler           |       |       |       |       |    11 |    72 ||    83
       Rpst.: Falchion   |       |     1 |     2 |       |       |       ||     3
